Map: Inside and Out

Players

A.I. 1 (Very Easy)

  • Race: Protoss Protoss
  • Spawn Location: 1:00

buu - Winner!

  • Race: Protoss Protoss
  • Spawn Location: 7:00

VOD

Have the link to the VOD?

Description

Time

  • Played on: Nov. 19, 2022, 7:37 a.m.
  • Length: 8:01
Show
View Real Time Build Order
Export as new Build Order

A.I. 1 (Very Easy) Protoss 

Build Orders:  

Get SALT Encoding   

  12  0:00  Probe  
  13  0:13  Probe  
  14  0:20  Pylon  
  14  0:37  Assimilator  
  14  0:43  Gateway  
  14  0:46  Pylon  
  14  1:13  Assimilator  
  14  1:18  Probe  
  15  1:26  Probe  
  15  1:32  Cybernetics Core  
  16  1:34  Probe  
  17  1:45  Probe  
  18  1:56  Probe  
  18  1:58  Warp Gate  
  19  2:04  Probe  
  19  2:08  Stalker  
  22  4:50  Stalker  
  22  5:33  Probe  
  22  5:40  Pylon  
  22  5:41  Probe  
  22  5:42  Robotics Facility  
  23  5:45  Zealot  
  26  5:51  Probe  
  27  6:03  Probe  
  28  6:07  Pylon  
  26  6:13  Probe  
  27  6:31  Observer  
  28  6:40  Zealot  
  30  6:52  Observer  
  31  7:09  Nexus  
  31  7:21  Zealot  
  33  7:25  Pylon  
  25  7:39  Probe  
Show
View Real Time Build Order
Export as new Build Order

buu Protoss - Winner!

Build Orders: 1 Gate Expand, Zealot Archon 

Get SALT Encoding   

  12  0:00  Probe  
  13  0:12  Probe  
  14  0:20  Pylon  
  14  0:24  Probe  
  15  0:38  Gateway, Probe (Chrono Boost)  
  16  0:47  Assimilator  
  16  0:50  Probe (Chrono Boost)  
  17  0:59  Probe (Chrono Boost)  
  18  1:04  Probe  
  19  1:16  Probe  
  20  1:30  Nexus  
  20  1:39  Cybernetics Core  
  20  1:47  Probe, Assimilator  
  21  1:55  Pylon  
  21  1:59  Probe  
  22  2:05  Warp Gate  
  22  2:11  Probe  
  22  2:14  Stalker (Chrono Boost)  
  25  2:23  Probe  
  26  2:32  Robotics Facility  
  26  2:35  Probe  
  27  2:42  Stalker  
  28  2:45  Probe  
  29  2:51  Probe  
  29  2:58  Probe  
  31  3:04  Probe  
  32  3:10  Probe  
  33  3:15  Gateway  
  33  3:18  Gateway  
  33  3:22  Pylon  
  33  3:24  Probe  
  33  3:25  Probe  
  35  3:35  Observer  
  35  3:36  Probe  
  35  3:38  Probe  
  38  3:48  Probe  
  39  3:50  Probe  
  40  3:57  Pylon  
  40  3:59  Immortal  
  40  4:00  Probe  
  40  4:02  Probe  
  46  4:12  Probe  
  46  4:14  Probe  
  46  4:15  Stalker  
  50  4:21  Twilight Council  
  50  4:24  Probe  
  50  4:25  Assimilator  
  50  4:26  Probe  
  50  4:27  Assimilator  
  52  4:36  Probe  
  54  4:38  Probe  
  54  4:40  Pylon  
  54  4:42  Immortal  
  58  4:48  Probe  
  57  4:57  Charge (Chrono Boost), Stalker  
  59  5:11  Gateway  
  59  5:13  Gateway  
  59  5:15  Gateway  
  59  5:18  Gateway  
  59  5:20  Gateway  
  59  5:23  Gateway  
  59  5:26  Pylon  
  59  5:28  Pylon  
  59  5:35  Templar Archives  
  59  5:37  Warp Prism  
  61  5:46  Zealot x2  
  65  5:54  Pylon  
  65  6:03  Zealot  
  67  6:04  Zealot  
  67  6:07  Zealot  
  67  6:08  Zealot x2  
  75  6:27  Pylon  
  75  6:29  Pylon  
  75  6:31  Zealot  
  75  6:32  Zealot x5  
  87  6:44  High Templar  
  87  6:45  High Templar  
  91  6:48  Archon  
  91  6:58  High Templar  
  91  6:59  Pylon, High Templar x5  
  91  7:00  Pylon, High Templar  
  105  7:03  Archon x3  
  105  7:10  Pylon  
  105  7:11  Pylon  
  105  7:21  Zealot x2  
  109  7:34  High Templar x2  
  113  7:38  Archon  
  113  7:43  Zealot x7  
  127  7:44  Pylon  
  127  7:46  Pylon  
Tags
 
Composition
Zealot Archon
Matchup
PvP
Spawn Locations
Cross Positions
Add a new tag
Caveats
  • Supply blocks, unpowered buildings, or Contaminate may cause inaccurate times.
  • Supply counts are checked every 10 seconds.